 Dungeon Crawl Stone Soup version 0.20-a0-855-gd83b866 (console) character file.

252 yesno the Covert (level 5, -3/35 HPs)
             Began as a Vampire Wanderer on Mar 12, 2017.
             Was an Initiate of Dithmenos.
             Slain by a river rat (5 damage)
             ... in a sewer.
             The game lasted 00:10:06 (3107 turns).

yesno the Covert (Vampire Wanderer)                 Turns: 3107, Time: 00:10:08

Health: -3/35      AC:  2    Str: 12    XL:     5   Next: 89%
Magic:  5/5        EV: 11    Int: 17    God:    Dithmenos [......]
Gold:   85         SH:  0    Dex: 11    Spells: 4/4 levels left

rFire    . . .     SeeInvis +   a - +2 dagger
rCold    + . .     Gourm    .   e - +0 robe
rNeg     + + .     Faith    +   (no shield)
rPois    +         Spirit   .   (no helmet)
rElec    .         Reflect  .   (no cloak)
rCorr    .         Harm     .   (no gloves)
MR       .....                  (no boots)
Stlth    ++........             d - amulet of faith
Regen    0.1/turn               (no ring)
MPRegen  0.1/turn               (no ring)

@: confused, regenerating slowly, constricted, very slow
A: fangs 3, see invisible, unbreathing
a: Bat Form, Renounce Religion


You were in a sewer.
You worshipped Dithmenos.
Dithmenos was noncommittal.
You were near bloodless.

You visited 1 branch of the dungeon, and saw 4 of its levels.
You also visited: Sewer.

You collected 85 gold pieces.

Inventory:

Hand Weapons
 a - a +2 dagger (weapon)
 c - a +0 quarterstaff
 k - a +1 hand axe of freezing
Armour
 e - a +0 robe (worn)
Jewellery
 d - an amulet of faith (around neck)
Scrolls
 i - a scroll of remove curse
 l - a scroll of fog
Potions
 f - 9 potions of blood
 g - 2 potions of magic


   Skills:
 + Level 0.2(0.7) Short Blades
   Level 1.0 Long Blades
 - Level 2.4 Staves
 - Level 5.4 Dodging
 - Level 8.8 Stealth


You had 4 spell levels left.
You didn't know any spells.

Dungeon Overview and Level Annotations

Branches:
Dungeon (4/15)
 Temple: D:4-7

Altars:
Dithmenos
Fedhas

Annotations:
D:3 Likado's ghost, amateur VSSk


Innate Abilities, Weirdness & Mutations

You heal slowly.
You have razor-sharp teeth.
You have supernaturally acute eyesight. (SInv)
You can survive without breathing.


Message History

The adder completely misses you. The river rat bites you.
The ball python closely misses you. The ball python constricts you.
You take 5 damage, and have 11/35 hp.
Unknown command.
You nearly stumble into some deep water!
The adder barely misses you. The river rat barely misses you.
The river rat bites you. The ball python misses you.
The ball python constricts you. The river rat misses you.
The adder closely misses you. The river rat bites you.
* * * LOW HITPOINT WARNING * * *
You take 3 damage, and have 8/35 hp.
You barely miss the river rat. The river rat bites you.
The ball python bites you.
* * * LOW HITPOINT WARNING * * *
x2 The ball python constricts you.
The adder bites you.
* * * LOW HITPOINT WARNING * * *
The river rat closely misses you. x2; The river rat bites you.
* * * LOW HITPOINT WARNING * * *
The river rat bites you.
You die...

..rr.#####.......##.r.........
.......##.....................
......r.......................
..≈......................≈≈≈..
≈≈.≈≈.≈≈..≈.≈...........≈.≈≈≈≈
≈≈≈≈≈≈≈≈≈≈≈≈≈......≈...≈≈≈≈≈≈≈
≈≈≈≈≈≈≈≈≈≈≈≈≈≈...≈≈≈≈≈≈≈≈≈≈≈≈≈
≈≈≈≈≈≈≈≈≈≈≈≈≈≈≈rr≈≈≈≈≈≈≈≈≈≈≈≈
≈≈≈≈≈≈≈≈≈≈≈≈≈≈≈r@r≈≈≈≈≈≈≈≈
≈≈≈≈≈≈≈≈≈≈≈.≈≈rSSrr.≈≈≈≈
≈≈≈≈##≈.≈≈.≈...rr....≈.≈
.####...............##..
..##r....##........## .
.........###.......#
........## .........r
..####........####...r ###
##...r.### #..#


You could see an adder, 6 river rats, a ball python and 3 rats.

Vanquished Creatures
  2 orc wizards (D:4)
  2 worker ants (D:4)
  A hound skeleton (D:4)
  4 adders
  A gnoll (D:1)
  3 river rats (Sewer)
  A dart slug (D:1)
  5 leopard geckos
  An orc (D:4)
  A ball python (Sewer)
  9 giant cockroaches
  7 goblins
  4 hobgoblins
  3 jackals (D:1)
  A quokka (D:4)
  3 bats (D:1)
  5 frilled lizards
  2 kobolds
  5 rats
60 creatures vanquished.

Notes
Turn   | Place    | Note
-------+----------+-------------------------------------------
     0 | D:1      | yesno the Vampire Wanderer began the quest for the Orb.
     0 | D:1      | yesno set off with: a +2 dagger, a scroll of fear, a +0 quarterstaff, a potion of curing, a +0 robe, a potion of blood
     0 | D:1      | Reached XP level 1. HP: 13/13 MP: 1/1
   147 | D:1      | Reached XP level 2. HP: 19/19 MP: 2/2
   417 | D:1      | Reached XP level 3. HP: 21/24 MP: 3/3
  1180 | D:3      | Noticed Likado's ghost (amateur VSSk)
  1349 | D:3      | Reached XP level 4. HP: 8/30 MP: 4/4
  1868 | D:3      | Found a shadowy altar of Dithmenos.
  1871 | D:3      | Became a worshipper of Dithmenos the Shadowed
  1988 | D:4      | Reached skill level 8 in Stealth
  2161 | D:4      | Reached XP level 5. HP: 35/35 MP: 5/5
  2213 | D:4      | Found a blossoming altar of Fedhas.
  2311 | D:4      | Found a glowing drain.
  2349 | D:4      | Reached skill level 5 in Dodging
  2390 | Sewer    | Entered a sewer
  3107 | Sewer    | Slain by a river rat

Vault maps used:
D:1:      dpeg_arrival_radiant
D:2:      first_bread
D:3:      grunt_dithmenos_smoke_and_mirrors, chequers_ecumenical_altar_simple,
          uniq_terence
D:4:      overflow_temple_1_default, portal_sewer_entry_f
Sewer:    sewer_minmay_treatment

Skill      XL: |  1  2  3  4  5 |
---------------+----------------+-----
Dodging        | 2 3 4 5 |  5.4
Stealth        | 8 |  8.8
Short Blades   | |  0.2
Long Blades    | |  1.0
Staves         | |  2.4

Action                   |  1- 3 |  4- 6 || total
-------------------------+-------+-------++-------
Melee: Dagger            |    49 |   105 ||   154
       Bite              |     8 |     9 ||    17
       Hand axe          |    42 |     7 ||    49
  Use: Potion            |     4 |     4 ||     8
       Scroll            |     3 |     4 ||     7
 Stab: Sleeping          |    13 |    11 ||    24
Armor: Robe              |    10 |    11 ||    21
Dodge: Dodged            |    67 |    81 ||   148
